 Dungeon Crawl Stone Soup version 0.20-a0-739-g6bb112f (webtiles) character file.

1942 Kaishin the Chiller (level 9, -1/59 HPs)
             Began as an Octopode Ice Elementalist on Feb 24, 2017.
             Was a Believer of Sif Muna.
             Slain by a hippogriff (12 damage)
             ... on level 7 of the Dungeon.
             The game lasted 00:22:51 (10179 turns).

Kaishin the Chiller (Octopode Ice Elementalist)    Turns: 10179, Time: 00:22:51

Health: -1/59      AC:  1    Str:  7    XL:     9   Next: 18%
Magic:  15/17      EV: 15    Int: 21    God:    Sif Muna [**....]
Gold:   458        SH:  0    Dex: 12    Spells: 5/19 levels left

rFire    . . .     SeeInvis .   d - +2 short sword (vamp)
rCold    . . .     Gourm    .   (no shield)
rNeg     . . .     Faith    .   (helmet restricted)
rPois    .         Spirit   .   (no amulet)
rElec    .         Reflect  .   I - ring of wizardry
rCorr    .         Harm     .   (no ring)
MR       .....                  (no ring)
Stlth    +++.......             (no ring)
Regen    0.2/turn               (no ring)
MPRegen  0.2/turn               (no ring)
                                (no ring)
                                (no ring)

@: divine energy
A: almost no armour, stealthy swim, amphibious, 8 rings, constrict 8, camouflage
1, gelatinous body 1
a: Stop Divine Energy, Renounce Religion


You were on level 7 of the Dungeon.
You worshipped Sif Muna.
Sif Muna was pleased with you.
You were not hungry.

You visited 1 branch of the dungeon, and saw 7 of its levels.

You collected 458 gold pieces.

Inventory:

Hand Weapons
 d - a +2 vampiric short sword (weapon)
 e - a +0 dagger
 t - a +0 vampiric hand axe
 u - a +0 falchion
 C - a +0 long sword
Magical Staves
 y - an uncursed staff of energy {unknown}
Jewellery
 I - a ring of wizardry (left tentacle)
Wands
 G - a wand of iceblast (2/15)
 H - a wand of digging (11/24)
Scrolls
 b - a scroll of enchant armour {unknown}
 c - a scroll of fear {unknown}
 k - 2 scrolls of amnesia {unknown}
 n - a scroll of random uselessness {unknown}
 o - a scroll of fog {unknown}
 p - 4 scrolls of magic mapping {unknown}
 q - 3 scrolls of remove curse {unknown}
 r - a scroll of teleportation {unknown}
 x - a scroll of recharging {unknown}
 A - 3 scrolls of enchant weapon {unknown}
 B - a scroll of identify {unknown}
Potions
 g - 2 potions of agility
 h - a potion of magic {unknown}
 j - 4 potions of heal wounds {unknown}
 m - a potion of ambrosia {unknown}
 s - a potion of cancellation
 v - 2 potions of curing
 w - a potion of brilliance {unknown}
 z - a potion of might {unknown}
 D - a potion of flight {unknown}
 E - a potion of invisibility {unknown}
Books
 a - a book of Frost

   Spells                             Type                      Level
   a - Freeze                         Ice                          1
   b - Throw Frost                    Conjuration/Ice              2
   c - Ozocubu's Armour               Charms/Ice                   3
   d - Throw Icicle                   Conjuration/Ice              4
   e - Summon Ice Beast               Ice/Summoning                4
Comestibles
 f - 3 royal jellies
 i - 4 meat rations
 l - 2 bread rations
 F - 6 chunks of flesh


   Skills:
 - Level 4.7 Fighting
 - Level 0.6 Long Blades
 - Level 5.1 Dodging
 - Level 2.6 Stealth
 * Level 5.8 Spellcasting
 - Level 1.0 Conjurations
 * Level 7.7 Ice Magic


You had 5 spell levels left.
You knew the following spells:

 Your Spells              Type           Power        Failure   Level  Hunger
a - Freeze                Ice            ####         1%          1    None
b - Throw Frost           Conj/Ice       ###...       1%          2    None
c - Ozocubu's Armour      Chrm/Ice       ###.....     4%          3    ##.....
d - Throw Icicle          Conj/Ice       ###.....     9%          4    ####...
e - Summon Ice Beast      Ice/Summ       ###.....     10%         4    ####...


Dungeon Overview and Level Annotations

Branches:
Dungeon (7/15)             Temple (0/1) D:5

Altars:
Fedhas
Hepliaklqana
Kikubaaqudgha
Okawaru
Sif Muna
Wu Jian
Xom
The Shining One

Shops:
D:5 [


Innate Abilities, Weirdness & Mutations

You cannot wear most types of armour.
You are very stealthy in the water. (Stealth+)
You are amphibious.
You can wear up to eight rings at the same time.
You can use your tentacles to constrict eight enemies at once.
Your skin changes colour to match your surroundings (Stealth+).
Your rubbery body absorbs attacks. (AC +1, EV +1)


Message History

Confirm with . or Enter, or press ? or * to list all spells.
Aiming: Freeze
Press: ? - help, Shift-Dir - straight line, f/p - hippogriff
Aim: a hippogriff (moderately wounded)
You freeze the hippogriff.
The hippogriff is moderately wounded.
The hippogriff bites you.
* * * LOW HITPOINT WARNING * * *
The hippogriff pecks you!
* * * LOW HITPOINT WARNING * * *
The hippogriff claws you.
* * * LOW HITPOINT WARNING * * *
Unknown command.
There is an open door here.
Press: ? - help, v - describe, . - travel
Here: a hippogriff (moderately wounded)
The floor.
Unknown command.
The hippogriff bites you!
You die...

#..........# #.......# #..
#....#####.###.......# #..
#....# #.#.........# #..
###### #.#.######### #..
#.#.#.....# ###
#[#..)..#.#########
####.................. #+#
#...>..........#####.# ...
####H@...#.#.#....<... #.#
#..........#.#..#..... #.#
#.##.................[ #.#
#.#.#.#......##.#.#...
#.####.#...#.#..†......#.÷.
#......#.#............##..#
#..............[...#..##..#
##.#.....#.#######.#......#
#.#........ ..#...##.#


You could see a hippogriff.

Vanquished Creatures
  Menkaure (D:6)
  An orc warrior (D:6)
  A sky beast (D:5)
  A phantom (D:6)
  A black bear (D:6)
  An ogre (D:7)
  Blork the orc (D:4)
  4 scorpions
  A water moccasin skeleton (D:5)
  A howler monkey (D:5)
  2 crimson imps (D:6)
  2 bullfrog zombies
  2 jellies
  2 hounds
  2 orc priests (D:5)
  3 orc wizards (D:6)
  Ijyb (D:3)
  2 iguanas
  Natasha (thrice) (D:4)
  2 centaur skeletons
  3 worker ants
  A howler monkey zombie (D:6)
  Robin (D:3)
  12 adders
  4 gnolls (D:5)
  An ooze (D:3)
  3 adder skeletons
  3 worms
  3 dart slugs
  3 leopard geckos
  22 orcs
  A ball python (D:1)
  7 bats
  4 giant cockroaches
  24 goblins
  6 hobgoblins
  8 jackals (D:3)
  7 quokkas
  5 frilled lizards
  A jackal skeleton (D:5)
  12 kobolds
  A quokka zombie (D:5)
  7 rats
173 creatures vanquished.

Notes
Turn   | Place    | Note
-------+----------+-------------------------------------------
     0 | D:1      | Kaishin the Octopode Ice Elementalist began the quest for the Orb.
     0 | D:1      | Reached XP level 1. HP: 11/11 MP: 3/3
   225 | D:1      | Reached XP level 2. HP: 17/17 MP: 3/5
   531 | D:1      | Reached skill level 4 in Ice Magic
   626 | D:1      | Reached XP level 3. HP: 21/21 MP: 6/6
  1108 | D:2      | Found a blossoming altar of Fedhas.
  1646 | D:3      | Noticed Robin
  1671 | D:2      | Reached XP level 4. HP: 21/27 MP: 7/7
  1761 | D:3      | Found a glowing golden altar of the Shining One.
  1769 | D:3      | Reached skill level 5 in Ice Magic
  1952 | D:3      | Reached skill level 1 in Fighting
  1984 | D:3      | Learned a level 2 spell: Throw Frost
  1988 | D:3      | Learned a level 3 spell: Ozocubu's Armour
  2203 | D:3      | Noticed Ijyb
  2213 | D:3      | Killed Ijyb
  2213 | D:3      | Reached XP level 5. HP: 24/33 MP: 0/8
  3038 | D:4      | Noticed Natasha
  3047 | D:4      | Killed Natasha
  3200 | D:4      | Reached XP level 6. HP: 24/41 MP: 4/9
  3312 | D:4      | Found a hazy altar of Hepliaklqana.
  3314 | D:4      | Found an iron altar of Okawaru.
  3501 | D:4      | Noticed Blork the orc
  3550 | D:4      | Killed Blork the orc
  4047 | D:4      | Noticed Natasha
  4051 | D:4      | Reached XP level 7. HP: 29/47 MP: 5/10
  4056 | D:4      | Killed Natasha
  4062 | D:4      | Noticed Natasha
  4072 | D:4      | Killed Natasha
  4493 | D:3      | Killed Robin
  4613 | D:4      | Learned a level 4 spell: Throw Icicle
  4658 | D:5      | Entered Level 5 of the Dungeon
  4776 | D:5      | Found an iron altar of Okawaru.
  5094 | D:5      | Reached skill level 5 in Dodging
  5387 | D:5      | Found a deep blue altar of Sif Muna.
  5478 | D:5      | Became a worshipper of Sif Muna the Loreminder
  6655 | D:6      | Reached XP level 8. HP: 54/54 MP: 10/12
  6949 | D:5      | Found Kerph's Antique Armour Emporium.
  7125 | D:5      | Reached * piety under Sif Muna
  7210 | D:5      | Found an ancient bone altar of Kikubaaqudgha.
  7261 | D:5      | Found an ornate altar of the Wu Jian Council.
  7462 | D:5      | Found a staircase to the Ecumenical Temple.
  7870 | D:5      | Reached skill level 6 in Ice Magic
  8940 | D:6      | Noticed Menkaure
  9009 | D:6      | Killed Menkaure
  9009 | D:6      | Reached ** piety under Sif Muna
  9009 | D:6      | Reached skill level 5 in Spellcasting
  9009 | D:6      | Reached skill level 7 in Ice Magic
  9293 | D:6      | Learned a level 4 spell: Summon Ice Beast
  9530 | D:6      | Reached XP level 9. HP: 36/59 MP: 9/17
 10120 | D:7      | Found a shimmering altar of Xom.
 10179 | D:7      | Slain by a hippogriff

Vault maps used:
D:1:      lemuel_arrival_lava_pool
D:2:      fedhas_altar_1
D:3:      kennysheep_goblin_castle, grunt_ministairs_6, minivault_24,
          tso_metal_star, uniq_robin
D:4:      grunt_temple_overflow_open, serial_bayou_lake_a, uniq_natasha,
          uniq_blork_the_orc
D:5:      lemuel_round_altar, lemuel_blue_sif_altar,
          lemuel_coloured_pillars_altar, minmay_temple_entry_poolview,
          first_bread, serial_shops, nicolae_shop_stone, okawaru_trees_1
D:6:      minivault_19, uniq_menkaure
D:7:      statuecave_lemuel, basic_altar, the_bakery

Skill      XL: |  1  2  3  4  5  6  7  8 |
---------------+-------------------------+-----
Ice Magic      | 4 5 7 |  7.7
Fighting       | 1 2 3 4 |  4.7
Dodging        | 3 4 5 |  5.1
Spellcasting   | 3 5 |  5.8
Long Blades    | |  0.6
Stealth        | |  2.6
Conjurations   | |  1.0

Action                   |  1- 3 |  4- 6 |  7- 9 || total
-------------------------+-------+-------+-------++-------
Melee: Unarmed           |    22 |       |       ||    22
       Constrict         |    21 |    15 |    29 ||    65
       Tentacles         |    15 |    10 |    29 ||    54
       Short sword       |    66 |    67 |   171 ||   304
 Cast: Freeze            |    10 |    67 |   109 ||   186
       Throw Frost       |       |     4 |    34 ||    38
       Ozocubu's Armour  |       |       |     1 ||     1
Invok: Divine Energy     |       |       |     1 ||     1
  Use: Potion            |       |     1 |     3 ||     4
 Stab: Sleeping          |    10 |     9 |     2 ||    21
       Distracted        |       |     1 |       ||     1
  Eat: Bread ration      |     1 |       |     1 ||     2
       Chunk             |     2 |     9 |    17 ||    28
       Fruit             |       |       |     2 ||     2
       Royal jelly       |       |       |     1 ||     1
Armor: Skin              |    12 |     8 |     2 ||    22
Dodge: Dodged            |    52 |    85 |   171 ||   308
